 Dungeon Crawl Stone Soup version 0.30-a0-626-gd6a5dd7a1f (console) character file.

Game seed: 16814381694313249241

285 Ignak the Sneak (level 6, -3/38 HPs)
             Began as an Octopode Enchanter on Jan 11, 2023.
             Slain by an ogre
             ... wielding a +0 giant club
              (14 damage)
             ... on level 4 of the Dungeon.
             The game lasted 00:07:41 (3339 turns).

Ignak the Sneak (Octopode Enchanter)                Turns: 3339, Time: 00:07:42

Health: -3/38      AC:  1    Str:  5 (8)  XL:     6   Next: 29%
Magic:  4/10       EV: 13    Int: 14 (17) God:
Gold:   176        SH:  0    Dex: 11 (14) Spells: 3/10 levels left

rFire   . . .      SeeInvis .    l - +0 rapier (freeze)
rCold   . . .      Faith    .    (no shield)
rNeg    + . .      Spirit   .    (helmet restricted)
rPois   .          Reflect  .    (no amulet)
rElec   .          Harm     .    d - ring of positive energy
rCorr   +          Rampage  .    o - ring of resist corrosion
Will    .....                    (no ring)
Stlth   ++++                     (no ring)
HPRegen 0.00/turn                (no ring)
MPRegen 0.12/turn                (no ring)
                                 (no ring)
                                 (no ring)

@: inhibited regen
A: almost no armour, amphibious, 8 rings, camouflage 1, gelatinous body 1,
(nimble swimmer 1), tentacles, sense surroundings 3, inhibited regeneration
a: no special abilities


You were on level 4 of the Dungeon.
You visited 1 branch of the dungeon, and saw 4 of its levels.

You collected 176 gold pieces.

Inventory:

Hand Weapons
 l - a +0 rapier of freezing (weapon)
Jewellery
 d - a ring of positive energy (left tentacle)
 o - a ring of resist corrosion (right tentacle)
Wands
 k - a wand of flame (9)
 m - a wand of polymorph (2)
Scrolls
 a - a scroll of identify
 c - a scroll of amnesia {unknown}
 e - a scroll of brand weapon
 h - a scroll of silence
 j - a scroll of fog
 r - a scroll of teleportation {unknown}
 s - a scroll of torment {unknown}
Potions
 b - 2 potions of invisibility
 g - 3 potions of curing


   Skills:
 + Level 1.6 Fighting
 + Level 2.1 Short Blades
 * Level 3.4 Dodging
 * Level 5.8 Stealth
 - Level 1.0 Unarmed Combat
 + Level 2.7 Spellcasting
 + Level 3.5 Hexes
 + Level 0.8 Ice Magic


You had 3 spell levels left.
You knew the following spells:

 Your Spells              Type           Power      Damage    Failure   Level
a - Confusing Touch       Hex            12%        N/A       16%         3
c - Ensorcelled Hibernat  Hex/Ice        16%        N/A       13%         2
e - Call Imp              Summ           1%         N/A       32%         2

Your spell library contained the following spells:

 Spells                   Type           Power      Damage    Failure   Level
 Tukima's Dance           Hex            12%        N/A       16%         3
 Magic Dart               Conj           4%         1d3       22%         1
 Cigotuvi's Dreadful Rot  Necr/Pois/Air  2%         N/A       32%         2
 Poisonous Vapours        Pois/Air       2%         N/A       32%         2
 Dazzling Flash           Conj/Hex       12%        N/A       32%         3
 Portal Projectile        Hex/Tloc       12%        N/A       32%         3
 Call Canine Familiar     Summ           1%         N/A       54%         3
 Mephitic Cloud           Conj/Pois/Air  1%         N/A       54%         3
 Leda's Liquefaction      Hex/Erth       3%         N/A       71%         4


Dungeon Overview and Level Annotations

Branches:
Dungeon (4/15)
 Temple: D:4-7

Altars:
Kikubaaqudgha
Makhleb
Ru
Trog


Innate Abilities, Weirdness & Mutations

You cannot wear most types of armour.
You are amphibious.
You can wear up to eight rings at the same time.
Your skin changes colour to match your surroundings (Stealth+).
Your rubbery body absorbs attacks. (AC +1, EV +1)
((You are camouflaged when in or above water. (Stealth+)))
You have tentacles for arms and can constrict up to eight enemies at once.
You passively map a large area around you.
You do not regenerate when monsters are visible.


Message History

The ogre closely misses you.
You hit the ogre. You freeze the ogre.
The ogre is moderately wounded.
The ogre barely misses you.
Casting: Ensorcelled Hibernation (safe; 13% risk of failure)
Confirm with . or Enter, or press ? or * to list all spells.
Aiming: Ensorcelled Hibernation (safe; 13% risk of failure)
Press: ? - help, Shift-Dir - straight line, f - ogre
Aim: an ogre, wielding a +0 giant club (moderately wounded, chance to affect: 41%)
The ogre resists with some effort.
Casting: Ensorcelled Hibernation (safe; 13% risk of failure)
Confirm with . or Enter, or press ? or * to list all spells.
Aiming: Ensorcelled Hibernation (safe; 13% risk of failure)
Press: ? - help, Shift-Dir - straight line, f/p - ogre
Aim: an ogre, wielding a +0 giant club (moderately wounded, chance to affect: 41%)
The ogre resists with some effort.
The ogre hits you with a +0 giant club!!
Ouch! That really hurt!
* * * LOW HITPOINT WARNING * * *
Casting: Ensorcelled Hibernation (safe; 13% risk of failure)
Confirm with . or Enter, or press ? or * to list all spells.
Aiming: Ensorcelled Hibernation (safe; 13% risk of failure)
Press: ? - help, Shift-Dir - straight line, f/p - ogre
Aim: an ogre, wielding a +0 giant club (moderately wounded, chance to affect: 41%)
Okay, then.
Casting: Ensorcelled Hibernation (safe; 13% risk of failure)
Confirm with . or Enter, or press ? or * to list all spells.
Okay, then.
Casting: Ensorcelled Hibernation (safe; 13% risk of failure)
Confirm with . or Enter, or press ? or * to list all spells.
You don't know that spell.
Okay, then.
Unknown command.
Casting: Ensorcelled Hibernation (safe; 13% risk of failure)
Confirm with . or Enter, or press ? or * to list all spells.
Aiming: Ensorcelled Hibernation (safe; 13% risk of failure)
Press: ? - help, Shift-Dir - straight line, f/p - ogre
Aim: an ogre, wielding a +0 giant club (moderately wounded, chance to affect: 41%)
The ogre resists with some effort.
The ogre hits you with a +0 giant club!
You die...

#.........# ####### #....
#.........# #.....# #....
#.........####..)..###....
#.........................
..............#......#.....
*
*##.......................).
,......########......##.....
, .........O>#
#............. , ♣♣.....$.@#
####....##.... , .♣......(#
####.##.... , *♣.......#
#........ *
*♣.......########........ ,
,..........##............
.............######.....
#../######...#~ ~ #.....
#### ###.# #..... #.# ,
#.....


You could see an ogre.

Vanquished Creatures
  A scorpion (D:4)
  2 orc wizards
  Natasha (thrice) (D:2)
  3 adders
  A worm (D:3)
  A dart slug (D:3)
  11 orcs
  8 ball pythons
  5 endoplasms
  5 giant cockroaches
  5 goblins
  2 hobgoblins (D:4)
  2 jackals (D:3)
  A quokka (D:1)
  3 bats
  A kobold (D:4)
  2 rats
56 creatures vanquished.

Vanquished Creatures (others)
  A plant (D:3)
1 creature vanquished.

Grand Total: 57 creatures vanquished

Notes
Turn   | Place    | Note
-------+----------+-------------------------------------------
     0 | D:1      | Ignak the Octopode Enchanter began the quest for the Orb.
     0 | D:1      | Reached XP level 1. HP: 11/11 MP: 3/3
   142 | D:1      | Found a faded altar of an unknown god.
   153 | D:1      | Reached XP level 2. HP: 15/17 MP: 5/5
   159 | D:1      | Learned a level 2 spell: Ensorcelled Hibernation
   997 | D:2      | Reached XP level 3. HP: 22/22 MP: 6/6
  1021 | D:2      | Noticed Natasha
  1025 | D:2      | Killed Natasha
  1188 | D:2      | Noticed Natasha
  1196 | D:2      | Killed Natasha
  1197 | D:2      | Reached skill level 1 in Unarmed Combat
  1197 | D:2      | Reached XP level 4. HP: 27/27 MP: 4/7
  1347 | D:2      | Noticed Natasha
  1377 | D:2      | Found an ancient bone altar of Kikubaaqudgha.
  1458 | D:2      | Killed Natasha
  1459 | D:2      | Reached skill level 1 in Fighting
  1459 | D:2      | Reached skill level 5 in Stealth
  1818 | D:3      | Reached XP level 5. HP: 33/33 MP: 5/8
  1822 | D:3      | Learned a level 3 spell: Confusing Touch
  1825 | D:3      | Learned a level 2 spell: Call Imp
  2016 | D:3      | Found a sacrificial altar of Ru.
  2861 | D:4      | HP: 1/33 [scorpion (5)]
  2863 | D:4      | Reached XP level 6. HP: 9/38 MP: 4/10
  3072 | D:3      | Found a burning altar of Makhleb.
  3072 | D:3      | Found a bloodstained altar of Trog.
  3081 | D:3      | Gained mutation: You passively map a small area around you.
                  | [potion of mutation]
  3081 | D:3      | Gained mutation: You passively map the area around you.
                  | [potion of mutation]
  3081 | D:3      | Gained mutation: You do not regenerate when monsters are
                  | visible. [potion of mutation]
  3081 | D:3      | Gained mutation: You passively map a large area around you.
                  | [potion of mutation]
  3339 | D:4      | Slain by an ogre

Illustrated notes

Levels and vault maps discovered:
D:1:      dpeg_arrival_prison, layout_loops_ring, basic_ecumenical_altar,
          serial_bayou_ford_a
D:2:      layout_loops_corners, basic_altar, uniq_natasha
D:3:      layout_loops_ring, nicolae_overflow_hidden_temple,
          nicolae_ru_the_path_less_chosen, saegor_snake_ambush
D:4:      layout_rooms, general_overflow_altar, chequers_garden, st_stairs_4,
          minmay_fire_ice_demons

Skill      XL: |  1  2  3  4  5 |
---------------+----------------+-----
Unarmed Combat | 1 |  1.0
Fighting       | 1 |  1.6
Stealth        | 5 |  5.8
Dodging        | 3 |  3.4
Short Blades   | 2 |  2.1
Spellcasting   | |  2.7
Hexes          | |  3.5
Ice Magic      | |  0.8

Action                   |  1- 3 |  4- 6 || total
-------------------------+-------+-------++-------
Melee: Dagger            |    32 |     1 ||    33
       Constrict         |     5 |    15 ||    20
       Tentacles         |     4 |     9 ||    13
       Punch             |     3 |       ||     3
       Unarmed           |     3 |       ||     3
       Rapier            |       |    70 ||    70
 Cast: Ensorcelled Hiber |     1 |    18 ||    19
  Use: Scroll            |       |     6 ||     6
       Potion            |       |     8 ||     8
 Stab: Sleeping          |    12 |    16 ||    28
Armor: Skin              |     4 |     1 ||     5
Dodge: Dodged            |    11 |    59 ||    70

Table legend: (Time is in decaauts)
 A = Elapsed time spent in this place.
 B = Non-inter-level travel time spent in this place.
 C = Inter-level travel time spent in this place.
 D = Time resting spent in this place.
 E = Time spent auto-exploring this place.
 F = Levels seen in this place.
 G = Mean time per level.
                   A        B        C        D        E       F      G
               +--------+--------+--------+--------+--------+-----+--------+
         Total |   3347 |   3195 |    152 |    321 |   2101 |   4 |  836.8 |
       Dungeon |   3347 |   3195 |    152 |    321 |   2101 |   4 |  836.8 |
               +--------+--------+--------+--------+--------+-----+--------+

Top non-repeatable levels by time:
     D:3: 1118 daAuts
     D:2: 839 daAuts
     D:1: 742 daAuts
     D:4: 647 daAuts
